 Dungeon Crawl Stone Soup version 0.28.0-47-ge53b351184 (webtiles) character file.

Game seed: 7297240894473588224

588 fictitious the Slasher (level 7, -2/50 HPs)
             Began as a Djinni Gladiator on May 7, 2022.
             Slain by Duvessa
             ... wielding a +0 rapier
              (12 damage)
             ... on level 4 of the Dungeon.
             The game lasted 00:26:59 (5131 turns).

fictitious the Slasher (Djinni Gladiator)           Turns: 5131, Time: 00:27:00

Health: -2/50      AC:  7    Str: 13    XL:     7   Next: 65%
Gold:   129        EV: 12    Int: 11    God:
                   SH:  0    Dex: 15

rFire   + + .      SeeInvis .   a - +0 long sword (chaos)
rCold   . . .      Faith    .   (no shield)
rNeg    . . .      Spirit   .   f - +0 ring mail
rPois   ∞          Reflect  .   e - +1 helmet
rElec   .          Harm     .   (no cloak)
rCorr   .          Rampage  .   (no gloves)
Will    .....                   (boots unavailable)
Stlth   +.........              (no amulet)
HPRegen 0.16/turn               P - ring of protection from cold
MPRegen 0.00/turn               (no ring)

@: flying, hasted, very quick
A: sickness immunity, fire resistance 2, cold vulnerability 1, float, innate
caster, HP casting, extra vitality 1
a: no special abilities


You were on level 4 of the Dungeon.
You visited 1 branch of the dungeon, and saw 4 of its levels.

You collected 129 gold pieces.

Inventory:

Hand Weapons
 a - a +0 long sword of chaos (weapon)
 b - a +1 long sword
Missiles
 c - 2 poisoned darts (quivered)
 h - 24 stones
 j - a javelin
Armour
 e - a +1 helmet (worn)
 f - a +0 ring mail (worn)
 W - a +0 chain mail
Jewellery
 P - a ring of protection from cold (left hand)
Scrolls
 d - 2 scrolls of fog
 g - a scroll of enchant weapon
Potions
 p - a potion of flight


   Skills:
 + Level 3.4 Fighting
 * Level 5.7 Long Blades
 - Level 1.5 Throwing
 + Level 3.5 Armour
 - Level 4.0 Dodging


You had one spell level left.
You knew the following spells:

 Your Spells              Type           Power      Damage    Failure   Level
a - Searing Ray           Conj           0%         2d4       73%         2
b - Scorch                Fire           0%         2d5       73%         2
c - Apportation           Tloc           0%         N/A       58%         1
Your spell library was empty.

Dungeon Overview and Level Annotations

Branches:
Dungeon (4/15)
 Temple: D:4-7

Altars:
The Shining One

Shops:
D:4 :

Annotations:
D:4 Duvessa


Innate Abilities, Weirdness & Mutations

You are immune to sickness and miasma.
You are immune to poison.
Your flesh is very heat resistant. (rF++)
You are vulnerable to cold. (rC-)
You float through the air rather than walking.
You learn spells naturally, not from books.
Your magical power is your life essence.
You have superior vitality. (+4 MHP)


Message History

2 poisoned darts; a howler monkey corpse
As you read the scroll labelled ZIHAISSA UCSI, it crumbles to dust.
It is a scroll of enchant weapon.
Your +0 long sword glows red for a moment.
Okay, then.
Okay, then.
Your +0 long sword of chaos is briefly surrounded by a scintillating aura of random colours.
a - a +0 long sword of chaos (weapon)
Duvessa barely misses you.
Press: ? - help, v - describe, . - travel, g - get item
Here: Duvessa, wielding a +0 rapier and wearing a +2 ring mail of cold resistance (berserk) Item here: a poisoned dart.
The floor.
Unknown command.
Unknown command.
Duvessa is nearby!
Throw: 4 darts (poison)
Press: ? - help, Q - select action, (/) - cycle Shift-Dir - straight line, f - Duvessa
Aim: Duvessa, wielding a +0 rapier and wearing a +2 ring mail of cold resistance (berserk, 67% to hit)
You throw a poisoned dart. The poisoned dart hits Duvessa.
Duvessa is poisoned.
Duvessa hits you with a +0 rapier!
Throw: 3 darts (poison)
Press: ? - help, Q - select action, (/) - cycle Shift-Dir - straight line, f/p - Duvessa
Aim: Duvessa, wielding a +0 rapier and wearing a +2 ring mail of cold resistance (berserk, poisoned, 67% to hit)
You throw a poisoned dart.
The poisoned dart barely misses Duvessa.
Duvessa hits you with a +0 rapier. Duvessa hits you with a +0 rapier!
It was a potion of flight.
You feel more buoyant. Duvessa hits you with a +0 rapier.
* * * LOW HITPOINT WARNING * * *
Okay, then.
It was a potion of haste.
You feel yourself speed up.
Duvessa looks more healthy.
Duvessa hits you with a +0 rapier!
You die...

####.##
*,******,* #.#
*,*<* *.# #.#
*,*,* *.# ##
#.# *,*,* *.#
.# #.# *,*,*
*(# .## #.#
*,*,* *.# ..#
#.# *,,,* *.#
..#
#.###########e#
..#
#..........)@.#
.##
###############
.# .# .# .# .#
.# .#


You could see Duvessa (berserk).

Vanquished Creatures
  A necrophage (D:4)
  An ogre (D:4)
  Blork the orc (D:4)
  Dowan (D:4)
  A howler monkey (D:4)
  A jelly (D:4)
  Natasha (thrice) (D:2)
  A hound skeleton (D:3)
  4 adders
  3 gnolls (D:2)
  2 worms
  An orc (D:4)
  8 ball pythons
  5 endoplasms
  4 giant cockroaches
  7 goblins
  10 hobgoblins
  4 jackals
  2 quokkas
  5 bats
  2 frilled lizards
  5 kobolds
  6 rats
78 creatures vanquished.

Notes
Turn   | Place    | Note
-------+----------+-------------------------------------------
     0 | D:1      | fictitious the Djinni Gladiator began the quest for the
                  | Orb.
     0 | D:1      | Reached XP level 1. HP: 18/18 MP: 0/0
   215 | D:1      | Reached skill level 3 in Long Blades
   215 | D:1      | Reached XP level 2. HP: 23/23 MP: 0/0
   460 | D:1      | Reached skill level 1 in Armour
   516 | D:1      | Reached XP level 3. HP: 28/28 MP: 0/0
   516 | D:1      | Learned a level 1 spell: Apportation
  1194 | D:2      | Noticed Natasha
  1245 | D:2      | Killed Natasha
  1246 | D:2      | Reached XP level 4. HP: 3/33 MP: 0/0
  1255 | D:2      | Reached skill level 4 in Long Blades
  1602 | D:2      | Noticed Natasha
  1619 | D:2      | Killed Natasha
  1774 | D:2      | Reached XP level 5. HP: 34/38 MP: 0/0
  1774 | D:2      | Learned a level 2 spell: Searing Ray
  2072 | D:2      | Noticed Natasha
  2103 | D:2      | Killed Natasha
  3646 | D:3      | Found a faded altar of an unknown god.
  3994 | D:3      | Reached XP level 6. HP: 39/44 MP: 0/0
  4288 | D:4      | Noticed an ogre
  4302 | D:4      | Killed an ogre
  4303 | D:4      | Reached skill level 5 in Long Blades
  4314 | D:4      | Noticed a necrophage
  4334 | D:4      | Killed a necrophage
  4335 | D:4      | Reached XP level 7. HP: 50/50 MP: 0/0
  4335 | D:4      | Learned a level 2 spell: Scorch
  4398 | D:4      | Found Jipyunno's Book Boutique.
  4601 | D:4      | Found a glowing golden altar of the Shining One.
  4617 | D:4      | Noticed Blork the orc
  4653 | D:4      | Killed Blork the orc
  5098 | D:4      | Noticed Dowan
  5118 | D:4      | Killed Dowan
  5125 | D:4      | Noticed Duvessa
  5131 | D:4      | Slain by Duvessa

Illustrated notes

Levels and vault maps discovered:
D:1:      dpeg_arrival_shelter, layout_loops_ring
D:2:      layout_rooms, uniq_natasha
D:3:      layout_basic, chequers_ecumenical_altar_simple,
          kennysheep_generic_room_5
D:4:      layout_basic, mainiacjoe_overflow_boulevard, serial_shops, shop,
          minmay_checkerbox, uniq_duvessa, uniq_pikel, uniq_blork_the_orc,
          uniq_sigmund

Skill      XL: |  1  2  3  4  5  6 |
---------------+-------------------+-----
Long Blades    | 3 4 5 |  5.7
Armour         | 1 2 3 |  3.5
Fighting       | 3 |  3.4
Dodging        | 4 |  4.0
Throwing       | |  1.5

Action                   |  1- 3 |  4- 6 |  7- 9 || total
-------------------------+-------+-------+-------++-------
Melee: Long sword        |    86 |   117 |    35 ||   238
       Punch             |       |       |     2 ||     2
Throw: Dart              |    21 |    24 |    12 ||    57
       Throwing net      |     4 |     1 |       ||     5
       Stone             |       |    28 |     7 ||    35
       Javelin           |       |     3 |     2 ||     5
  Use: Scroll            |     2 |     2 |     8 ||    12
       Potion            |     2 |     2 |     2 ||     6
Armor: Leather armour    |    26 |    16 |       ||    42
       Ring mail         |       |    21 |    17 ||    38
       Skin              |       |    14 |       ||    14
Dodge: Dodged            |    77 |    81 |    31 ||   189
